 Dungeon Crawl Stone Soup version 0.19.5 (webtiles) character file.

1885 Inarius the Carver (level 8, -8/71 HPs)
             Began as a Minotaur Fighter on Apr 19, 2017.
             Was a Follower of Elyvilon.
             Killed from afar by an electric eel (15 damage)
             ... with a bolt of electricity
             ... on level 6 of the Dungeon.
             The game lasted 00:17:21 (5764 turns).

Inarius the Carver (Minotaur Fighter)               Turns: 5764, Time: 00:17:21

Health: -8/71      AC: 14    Str: 22    XL:     8   Next: 92%
Magic:  16/16      EV:  5    Int:  5    God:    Elyvilon [*.....]
Gold:   316        SH: 10    Dex: 11    Spells: 0 memorised, 7 levels left

rFire  . . .     SeeInvis .     a - +0 long sword
rCold  . . .     Gourm    .     y - +0 plate armour
rNeg   . . .     Faith    .     c - +0 shield
rPois  .         Spirit   .     (helmet restricted)
rElec  .         Reflect  .     (no cloak)
rCorr  .         Harm     +     (no gloves)
MR     .....                    C - +0 pair of boots
Stlth  ..........               i - amulet of harm
                                r - ring of magical power
                                (no ring)

@: no status effects
A: retaliatory headbutt, horns 2
a: Lesser Healing, Divine Protection, Renounce Religion


You were on level 6 of the Dungeon.
You worshipped Elyvilon.
Elyvilon was aware of your devotion.
You were not hungry.

You visited 1 branch of the dungeon, and saw 6 of its levels.

You collected 316 gold pieces.

Inventory:

Hand Weapons
 a - a +0 long sword (weapon)
Armour
 c - a +0 shield (worn)
 y - a +0 plate armour (worn)
 C - a +0 pair of boots (worn)
Jewellery
 h - a cursed ring of teleportation {unknown}
 i - an amulet of harm (around neck)
 r - a ring of magical power (right hand)
 B - a cursed amulet of magic regeneration {unknown}
Wands
 x - a wand of digging (15/24)
 z - a wand of flame (23/48)
 E - a wand of iceblast (12/15)
Scrolls
 b - a scroll of amnesia {unknown}
 d - a scroll of teleportation {unknown}
 e - a scroll of recharging
 k - a scroll of enchant armour {unknown}
 o - a scroll of magic mapping
 p - 3 scrolls of noise
 q - a scroll of fear {unknown}
 u - 3 scrolls of enchant weapon
 w - a scroll of silence {unknown}
 A - 3 scrolls of remove curse
Potions
 j - a potion of flight {unknown}
 l - a potion of heal wounds {unknown}
 m - 7 potions of curing {unknown}
 n - a potion of ambrosia {unknown}
 t - 3 potions of degeneration {unknown}
 v - 2 potions of resistance {unknown}
Comestibles
 f - 6 bread rations
 g - 4 beef jerkies
 s - a meat ration


   Skills:
 + Level 6.4 Fighting
 + Level 9.3 Long Blades
 + Level 7.5 Armour
 + Level 1.8 Dodging
 + Level 1.3 Stealth
 + Level 6.4 Shields


You had 7 spell levels left.
You didn't know any spells.

Dungeon Overview and Level Annotations

Branches:
Dungeon (6/15)             Temple (0/1) D:5

Altars:
Elyvilon
Nemelex Xobeh
Qazlal
The Shining One


Innate Abilities, Weirdness & Mutations

You reflexively headbutt those who attack you in melee.
You have a pair of horns on your head.


Message History

The electric eel shoots out a bolt of lightning at you!
The bolt of electricity hits you!
The electric eel shoots out a bolt of lightning at you!
The bolt of electricity hits you!
A crimson imp comes into view.
The electric eel shoots out a bolt of lightning at you!
The bolt of electricity hits you!
The electric eel shoots out a bolt of lightning at you!
The bolt of electricity hits you!
The electric eel shoots out a bolt of lightning at you!
The bolt of electricity hits you!
The electric eel shoots out a bolt of lightning at you!
The bolt of electricity hits you!
* * * LOW HITPOINT WARNING * * *
The electric eel shoots out a bolt of lightning at you!
The bolt of electricity hits you!
* * * LOW HITPOINT WARNING * * *
The electric eel shoots out a bolt of lightning at you!
The bolt of electricity hits you!
You die...

#.......... ≈≈≈≈≈ ≈≈#
#.......... ≈≈≈≈ ≈≈#
#.......... . #≈≈# ≈≈##
#.......... .≈ #≈5# ≈≈.#
#(......... .≈≈###≈≈#+#≈≈$#
#.......... #≈≈≈≈≈;;≈≈≈..#
#..........
#≈≈≈≈≈≈≈≈#.####..........
###......@................
.....[.....................
#######..........>.........
#.##.................
#....................
###..................
######..................
#............#..........
#............#..........


You could see 2 electric eels and a crimson imp.

Vanquished Creatures
  Eustachio (D:5)
  Menkaure (D:6)
  The ghost of miragecloak the Changer, an amateur NaTm (D:3)
  2 phantoms
  5 ogres
  2 centaurs (D:6)
  Blork the orc (D:4)
  A bullfrog (D:6)
  A bullfrog zombie (D:6)
  2 hounds
  2 orc priests
  An iguana (D:6)
  6 worker ants
  A hound zombie (D:5)
  2 howler monkey skeletons (D:5)
  Robin (D:3)
  8 gnolls
  9 adders
  3 shadow imps
  4 worms (D:2)
  3 dart slugs
  4 leopard geckos
  8 orcs
  3 giant cockroaches
  12 goblins
  8 hobgoblins
  5 quokkas
  2 ball pythons
  5 bats
  8 frilled lizards
  8 kobolds
  A quokka skeleton (D:4)
  A quokka zombie (D:6)
  7 rats
129 creatures vanquished.

Notes
Turn   | Place    | Note
-------+----------+-------------------------------------------
     0 | D:1      | Inarius the Minotaur Fighter began the quest for the Orb.
     0 | D:1      | Reached XP level 1. HP: 19/19 MP: 0/0
   313 | D:1      | Reached XP level 2. HP: 27/27 MP: 1/1
   906 | D:1      | Reached XP level 3. HP: 30/33 MP: 2/2
  1001 | D:2      | Reached skill level 3 in Long Blades
  1014 | D:2      | Reached XP level 4. HP: 20/41 MP: 3/3
  1479 | D:2      | Reached skill level 4 in Long Blades
  1897 | D:3      | Reached XP level 5. HP: 47/47 MP: 4/4
  2027 | D:3      | Noticed miragecloak's ghost (amateur NaTm)
  2035 | D:3      | Killed miragecloak's ghost
  2035 | D:3      | Reached skill level 5 in Long Blades
  2035 | D:3      | Reached skill level 1 in Stealth
  2041 | D:3      | Reached XP level 6. HP: 51/55 MP: 5/5
  2129 | D:3      | Noticed Robin
  2150 | D:3      | Killed Robin
  2150 | D:3      | Reached skill level 5 in Fighting
  2462 | D:4      | Reached skill level 5 in Armour
  2661 | D:4      | Noticed Blork the orc
  2678 | D:4      | Killed Blork the orc
  2678 | D:4      | Reached skill level 6 in Long Blades
  2678 | D:4      | Reached XP level 7. HP: 57/61 MP: 6/6
  2973 | D:4      | Reached skill level 5 in Shields
  3194 | D:5      | Entered Level 5 of the Dungeon
  3387 | D:5      | Reached skill level 7 in Long Blades
  3557 | D:5      | Found a white marble altar of Elyvilon.
  3560 | D:5      | Noticed Eustachio
  3572 | D:5      | Found a sparkling altar of Nemelex Xobeh.
  3576 | D:5      | Killed Eustachio
  3576 | D:5      | Reached skill level 1 in Dodging
  3576 | D:5      | Reached XP level 8. HP: 48/70 MP: 7/7
  3696 | D:5      | Became a worshipper of Elyvilon the Healer
  3845 | D:5      | Found a staircase to the Ecumenical Temple.
  3928 | D:5      | Reached skill level 8 in Long Blades
  4183 | D:5      | Found a stormy altar of Qazlal.
  4462 | D:6      | Found a glowing golden altar of the Shining One.
  4568 | D:6      | Noticed Menkaure
  4574 | D:6      | Killed Menkaure
  5044 | D:6      | Reached * piety under Elyvilon
  5233 | D:6      | Reached skill level 9 in Long Blades
  5764 | D:6      | Killed from afar by an electric eel

Skill      XL: |  1  2  3  4  5  6  7  8 |
---------------+-------------------------+-----
Fighting       | 4 5 6 |  6.4
Armour         | 4 5 6 7 |  7.5
Long Blades    | 3 4 5 6 7 9 |  9.3
Shields        | 4 5 6 |  6.4
Stealth        | 1 |  1.3
Dodging        | 1 |  1.8

Action                   |  1- 3 |  4- 6 |  7- 9 || total
-------------------------+-------+-------+-------++-------
Melee: Long sword        |    76 |   136 |   134 ||   346
       Headbutt          |     9 |    32 |    38 ||    79
  Use: Potion            |       |     1 |       ||     1
       Scroll            |       |     3 |     4 ||     7
  Eat: Chunk             |       |     6 |     5 ||    11
       Meat ration       |       |       |     1 ||     1
Armor: Scale mail        |    13 |       |       ||    13
       Chain mail        |    30 |    64 |    13 ||   107
       Plate armour      |       |       |    49 ||    49
Dodge: Dodged            |    22 |    26 |    26 ||    74
Block: Shield            |    42 |    49 |    59 ||   150
       Rpst.: Long sword |     3 |     5 |     9 ||    17
